[Event "55th Biel Festival GMT Classical 2022"]
[Site "Biel"]
[Date "2022.07.15"]
[Round "2.1"]
[White "Gukesh D"]
[Black "Naiditsch, Arkadij"]
[Result "1/2-1/2"]
[ECO "E14"]
[WhiteElo "2684"]
[BlackElo "2664"]
[Annotator "ChessBase"]
[PlyCount "38"]
[EventDate "2022.07.14"]
[EventType "tourn"]
[EventCountry "SUI"]
[SourceTitle "playchess.com"]
[Source "ChessBase"]
[SourceQuality "1"]
[TimeControl "40/6000+30:20/3000+30:900+30"]

1. d4 Nf6 2. c4 e6 3. Nf3 Bb4+ 4. Nbd2 b6 5. a3 Bxd2+ 6. Qxd2 Bb7 7. e3 O-O 8. b4 a5 9. Bb2 axb4 10. axb4 Ne4 11. Qc1 Rxa1 12. Bxa1 Qe7 13. b5 Qb4+ 14. Nd2 Nxd2 15. Qxd2 Qb1+ 16. Qd1 Qb4+ 17. Qd2 Qb1+ 18. Qd1 Qb4+ 19. Qd2 Qb1+ 1/2-1/2

[Event "55th Biel Festival GMT Classical 2022"]
[Site "Biel"]
[Date "2022.07.15"]
[Round "2.2"]
[White "Esipenko, Andrey"]
[Black "Salem, A.R. Saleh"]
[Result "1/2-1/2"]
[ECO "C84"]
[WhiteElo "2682"]
[BlackElo "2684"]
[Annotator "ChessBase"]
[PlyCount "61"]
[EventDate "2022.07.14"]
[EventType "tourn"]
[EventCountry "SUI"]
[SourceTitle "playchess.com"]
[Source "ChessBase"]
[SourceQuality "1"]
[TimeControl "40/6000+30:20/3000+30:900+30"]

1. e4 e5 2. Nf3 Nc6 3. Bb5 a6 4. Ba4 Nf6 5. O-O Be7 6. d3 b5 7. Bb3 O-O 8. a4 Bb7 9. Nc3 Na5 10. Bd5 c6 11. Ba2 Qc7 12. Bg5 b4 13. Nb1 d5 14. Nbd2 Rad8 15. Re1 d4 16. Nc4 Nxc4 17. Bxc4 a5 18. Nd2 h6 19. Bh4 g6 20. Bb3 Kg7 21. Rf1 Ba6 22. Kh1 Rh8 23. Qe2 Rde8 24. Rae1 Bc8 25. Nc4 Be6 26. Nd2 Bc8 27. Nc4 Be6 28. Nd2 Bc8 29. Nc4 g5 30. Bg3 Bd8 31. Bh4 1/2-1/2

[Event "55th Biel Festival GMT Classical 2022"]
[Site "Biel"]
[Date "2022.07.15"]
[Round "2.3"]
[White "Kamsky, Gata"]
[Black "Keymer, Vincent"]
[Result "1/2-1/2"]
[ECO "B23"]
[WhiteElo "2655"]
[BlackElo "2686"]
[Annotator "ChessBase"]
[PlyCount "48"]
[EventDate "2022.07.14"]
[EventType "tourn"]
[EventCountry "SUI"]
[SourceTitle "playchess.com"]
[Source "ChessBase"]
[SourceQuality "1"]
[TimeControl "40/6000+30:20/3000+30:900+30"]

1. e4 c5 2. Nc3 d6 3. Bc4 Nf6 4. d3 a6 5. a3 e6 6. Ba2 Be7 7. f4 Nc6 8. Nf3 O-O 9. O-O b5 10. Qe1 Bb7 11. Kh1 Rc8 12. Qg3 c4 13. e5 Nd7 14. Ne4 d5 15. Neg5 h6 16. Nh3 f5 17. exf6 Nxf6 18. Bd2 Bd6 19. Rae1 Ne7 20. Rxe6 Nf5 21. Qg6 Ne7 22. Qg3 Nf5 23. Qg6 Ne7 24. Qg3 Nf5 1/2-1/2

[Event "55th Biel Festival GMT Classical 2022"]
[Site "Biel"]
[Date "2022.07.15"]
[Round "2.4"]
[White "Abdusattorov, Nodirbek"]
[Black "Le, Quang Liem"]
[Result "0-1"]
[ECO "C50"]
[WhiteElo "2688"]
[BlackElo "2722"]
[Annotator "ChessBase"]
[PlyCount "92"]
[EventDate "2022.07.14"]
[EventType "tourn"]
[EventCountry "SUI"]
[SourceTitle "playchess.com"]
[Source "ChessBase"]
[SourceQuality "1"]
[TimeControl "40/6000+30:20/3000+30:900+30"]

1. e4 e5 2. Nf3 Nc6 3. Bc4 Nf6 4. d3 Bc5 5. Nc3 h6 6. O-O a6 7. a4 d6 8. Be3 O-O 9. Bxc5 dxc5 10. h3 Re8 11. Nd2 b6 12. Ne2 Be6 13. Ng3 Qd7 14. Bxe6 Qxe6 15. Nc4 Rad8 16. b3 Ne7 17. Qf3 Nh7 18. Qh5 Ng6 19. Nf5 Nf4 20. Qg4 Qf6 21. Kh2 h5 22. Qh4 Qe6 23. f3 g6 24. Nfe3 b5 25. Nd2 Qd6 26. Qf2 Ne6 27. g3 h4 28. gxh4 Nf6 29. Rg1 Kh7 30. Ndf1 Nh5 31. Ng3 Nhf4 32. h5 Nd4 33. hxg6+ fxg6 34. axb5 axb5 35. Ngf1 Rf8 36. Rg4 Nh5 37. Nf5 gxf5 38. Rh4 Qg6 39. Ng3 fxe4 40. Nxh5 Nxf3+ 41. Kh1 Qh6 42. Nf6+ Rxf6 43. Rxh6+ Rxh6 44. dxe4 Rxh3+ 45. Kg2 Rh2+ 46. Kxf3 Rf8+ 0-1

[Event "55th Biel Festival GMT Classical 2022"]
[Site "Biel"]
[Date "2022.07.19"]
[Round "4.1"]
[White "Gukesh D"]
[Black "Esipenko, Andrey"]
[Result "0-1"]
[ECO "D41"]
[WhiteElo "2684"]
[BlackElo "2682"]
[Annotator "TA"]
[PlyCount "88"]
[EventDate "2022.07.14"]
[EventType "tourn"]
[EventCountry "SUI"]
[SourceTitle "playchess.com"]
[Source "ChessBase"]
[SourceQuality "1"]
[TimeControl "40/6000+30:20/3000+30:900+30"]

1. d4 Nf6 2. c4 e6 3. Nf3 d5 4. Nc3 c5 5. cxd5 Nxd5 6. e4 Nxc3 7. bxc3 cxd4 8. cxd4 Bb4+ 9. Bd2 Bxd2+ 10. Qxd2 O-O 11. h4 {[%emt 0:00:45] D41: Queen's Gambit Declined: Semi-Tarrasch with 5 cxd5.} b6 12. Rd1 Bb7 13. Bd3 {[%emt 0:00:07] The position is equal.} Nc6 14. Qe3 {[%emt 0:00:07] [#]} Qe7 $146 ({Predecessor:} 14... Rc8 15. O-O Re8 16. Bb1 Na5 17. h5 Nc4 18. Qf4 h6 19. Rfe1 Qe7 20. e5 Red8 {½-½ (60) Stocek,J (2585)-Prusikin,M (2540) Warsaw 2005}) 15. O-O Rad8 16. Rfe1 Rfe8 17. h5 h6 18. d5 Nb4 19. Bb1 e5 20. Qc3 Qd6 21. a3 Na6 22. Bd3 Nc5 23. Bb5 Re7 24. Nd2 Bc8 25. Re3 Qf6 26. Be2 Qh4 27. g3 Qh3 (27... Qg5 $5 ) 28. Nf1 (28. Nc4 $5 ) 28... Bg4 29. f3 $1 Bd7 30. g4 {[%emt 0:03:58] Hoping for Qe1.} Qh4 31. Kg2 Rc8 {[%emt 0:01:16][%cal Oc5e4] White must now prevent ...Nxe4!} 32. Qd2 (32. Qe1 $5 Qg5 33. Rc3 $11) 32... Ba4 33. Rb1 Rec7 34. Ng3 Qg5 $1 {[%emt 0:00:29][%cal Oc5b3] aiming for ...Nb3! Black is more active.} 35. Kf2 {[%emt 0:03:33] [#]} Bd7 ({Black should try} 35... Na6 $1 $17 36. Qe1 (36. Bxa6 $2 Rc2 $19) (36. Nf1 Rc2) 36... Rc2) 36. Rd1 (36. Bd1 $15) 36... Qf4 (36... Na4 $19 {Strongly threatening ...Rc2.} 37. Bd3 Nc3) 37. d6 $17 Rc6 (37... Rb7 $17 38. Kg2 Ba4) 38. Kg2 $2 {[%emt 0:00:35][%mdl 8192] Loses the game.} ({Only move:} 38. Rc3 $1 $15) 38... Na4 (38... Ne6 $142 {Threatens to win with ...Rc2.} 39. Nf5 Rc2) 39. Rb3 $2 (39. Nf1 {only move.}) 39... Rc2 $19 40. Qe1 Nc5 41. Rb4 (41. Rc3 Rxc3 42. Qxc3) 41... Ne6 {[%emt 0:01:23] Black is clearly winning.} 42. Nf5 R8c3 {[%emt 0:01:46] Against Rb3. ( -> ...Qxf3+)} 43. Qf2 Kh7 44. Ne7 Qe3 {[%emt 0:02:01] Weighted Error Value: White=0.40/Black=0.17 (very precise)} 0-1

[Event "55th Biel Festival GMT Classical 2022"]
[Site "Biel"]
[Date "2022.07.19"]
[Round "4.2"]
[White "Kamsky, Gata"]
[Black "Naiditsch, Arkadij"]
[Result "1/2-1/2"]
[ECO "A48"]
[WhiteElo "2655"]
[BlackElo "2664"]
[Annotator "TA"]
[PlyCount "98"]
[EventDate "2022.07.14"]
[EventType "tourn"]
[EventCountry "SUI"]
[SourceTitle "playchess.com"]
[Source "ChessBase"]
[SourceQuality "1"]
[TimeControl "40/6000+30:20/3000+30:900+30"]

1. d4 Nf6 2. Nf3 g6 3. c3 Bg7 4. Bf4 O-O 5. Nbd2 d6 6. e4 Nc6 7. Be2 {[%emt 0:00:08] A48: 1 d4 Nf6 2 Nf3 g6: Torre, London and Colle Systems.} Nd7 8. O-O e5 9. dxe5 {[%emt 0:00:07] White is slightly better.} dxe5 10. Bg5 Qe8 {[%emt 0:01:34] [#]} 11. Re1 $146 ({Predecessor:} 11. Qc2 Nc5 12. Be3 Ne6 13. Rad1 Qe7 14. Nb3 b6 15. Rd2 Bb7 16. Rfd1 Rad8 17. Rxd8 Rxd8 18. Rxd8+ Ncxd8 {0-1 (25) Pattyn,L-Cools,G (2333) Brasschaat 2006}) 11... a5 12. Bb5 Nd8 13. a4 Ne6 14. Bh4 f6 15. b4 Qe7 16. Qb3 Kh8 17. Rad1 g5 18. Bg3 $1 Rd8 19. h3 Bf8 20. Rb1 Nb8 (20... c6 $5 21. Bf1 axb4 22. cxb4 c5 $17) 21. Nc4 axb4 22. cxb4 Nc6 23. Bxc6 bxc6 24. Qc2 c5 25. Ne3 c6 {[%emt 0:05:10] Against Nd5} 26. Nf5 Qe8 27. bxc5 (27. Nxe5 {is interesting.} fxe5 28. Bxe5+ Kg8 29. bxc5 Nxc5 30. Bf6) 27... Nxc5 28. Ra1 Ba6 29. Nd2 Qe6 30. a5 {[%emt 0:02:56] [#]} (30. h4 $15) 30... Nd3 (30... h5 $1 $17 31. h4 g4) 31. Re3 Rab8 32. Rb1 Nb4 33. Qc1 c5 (33... Qd7 $17 34. Nf3 Nd3) 34. h4 $1 $11 {[%emt 0:00:09] And now hxg5 would win.} g4 (34... Qd7 $5 35. hxg5 Qxd2 36. Qxd2 Rxd2 37. gxf6 Kg8 38. Bxe5 Re8 $17) 35. h5 Bd3 36. Rb2 c4 {[%emt 0:00:16] Threatens to win with ...Rbc8.} 37. Bh4 $1 Nc6 38. Rxb8 Rxb8 39. a6 Nd4 40. a7 {[%emt 0:01:59] The position is equal.} Ra8 41. Nxd4 exd4 42. Rxd3 cxd3 43. Qc7 {[%emt 0:00:13] Strongly threatening Qb7.} Qe7 $1 44. Qc6 ({Don't blunder} 44. Qxe7 $2 Bxe7 45. e5 Rxa7 $19) 44... Qxa7 {[%emt 0:00:09] Hoping for ...Bg7.} 45. Bxf6+ Bg7 {[%emt 0:00:07] ...Rf8 is the strong threat.} 46. h6 $1 {[%emt 0:00:00][%mdl 64] [#] Pin} Bxf6 47. Qxf6+ Kg8 48. Qg5+ Kf8 49. Qf6+ Kg8 {[%emt 0:00:07] Weighted Error Value: White=0.10 (very precise) /Black=0.12 (very precise)} 1/2-1/2

[Event "55th Biel Festival GMT Classical 2022"]
[Site "Biel"]
[Date "2022.07.19"]
[Round "4.3"]
[White "Abdusattorov, Nodirbek"]
[Black "Salem, A.R. Saleh"]
[Result "1-0"]
[ECO "D36"]
[WhiteElo "2688"]
[BlackElo "2684"]
[Annotator "TA"]
[PlyCount "77"]
[EventDate "2022.07.14"]
[EventType "tourn"]
[EventCountry "SUI"]
[SourceTitle "playchess.com"]
[Source "ChessBase"]
[SourceQuality "1"]
[TimeControl "40/6000+30:20/3000+30:900+30"]

1. d4 Nf6 2. c4 e6 3. Nc3 d5 4. cxd5 exd5 5. Bg5 c6 6. e3 h6 7. Bh4 Be7 8. Bd3 O-O 9. Nge2 Re8 10. O-O Nbd7 11. Qc2 Nh5 12. Bxe7 {[%emt 0:00:14] D36: Queen's Gambit Declined: Exchange Variation: Main line (5 Bg5 c6 6 Qc2).} Qxe7 13. Rad1 $5 {[%emt 0:00:40][%mdl 4] An interesting side line.} Ndf6 {[%emt 0:01:49] [#]} 14. Nc1 $146 {[%emt 0:04:45] The position is equal.} ({Predecessor:} 14. Bf5 Be6 15. Rfe1 Rad8 16. a3 Bxf5 17. Qxf5 g6 18. Qh3 Nh7 19. Ng3 Ng5 20. Qg4 Nxg3 21. Qxg3 {½-½ (27) Sahil,T (2224)-Djoric,D (2298) Zadar 2018}) 14... Qd6 15. Rfe1 Ng4 16. g3 $1 Nhf6 $1 17. Re2 Qd7 18. Ree1 $1 Qd6 19. Nb3 h5 20. Nd2 h4 {[%emt 0:09:03] Hoping for ...hxg3.} 21. e4 Nxf2 22. Kxf2 $14 Ng4+ 23. Kg2 Nxh2 24. Nf1 (24. Kxh2 $6 Qxg3+ 25. Kh1 Qh3+ 26. Kg1 Qg3+ 27. Kh1 Qh3+ 28. Kg1 Qg3+ 29. Kh1 $11) 24... Nxf1 (24... hxg3 $16 25. Nxh2 (25. Nxg3 Qh6 $11) 25... gxh2) 25. e5 $36 {[%emt 0:01:22][%mdl 2048] Keeping Black busy.} Qe6 26. Rxf1 Qh3+ 27. Kg1 Bg4 {[%emt 0:05:49] [#]} (27... hxg3 $16 {is a better defense.} 28. Rd2 Qh4) 28. Rd2 $1 hxg3 {[%emt 0:01:20] And now ...Re6 would win.} 29. Bf5 {[%emt 0:02:00] Inhibits Re6.} Re7 30. Bxg4 Qxg4 31. Kg2 Re6 (31... Qh4 $2 32. Rh1 Qxh1+ 33. Kxh1 $18) 32. Rh1 {[%emt 0:01:43] Black must now prevent Qh7+.} ({Don't play} 32. Qf5 Qxf5 33. Rxf5 Rh6) 32... Rg6 33. Rh3 Re8 (33... Qf4 $16) 34. Rd1 (34. Ne2 $18) 34... f6 $16 {[%emt 0:00:29] [#]} 35. Ne2 $1 Rg5 $2 {[%emt 0:00:06] A mistake that costs the game.} (35... Rh6 $16 {was worth a try.} 36. Rxh6 (36. Rdh1 Rxh3 37. Rxh3 fxe5 $11) 36... gxh6) 36. Rf1 $18 {[%emt 0:01:04][%cal Bd1f1,Bf1f4,Bf4g4][%mdl 32] Threatens to win with Rf4. The board is on fire.} ({Weaker is} 36. Rxg3 Qf5 37. Qxf5 Rxf5 $16) ({Stronger than} 36. Nxg3 fxe5 37. Rf1 Rg6 $11) 36... Re6 $2 (36... Qe4+ 37. Qxe4 dxe4 38. exf6 Rf8 39. fxg7 Rxf1 40. Kxf1 g2+ 41. Kg1 Rxg7) 37. Rf4 {[%emt 0:01:26] White is clearly winning.} Qxh3+ 38. Kxh3 fxe5 39. Rg4 {[%emt 0:00:05] Weighted Error Value: White=0.12 (very precise) /Black=0.24 (precise)} 1-0

[Event "55th Biel Festival GMT Classical 2022"]
[Site "Biel"]
[Date "2022.07.19"]
[Round "4.4"]
[White "Le, Quang Liem"]
[Black "Keymer, Vincent"]
[Result "1-0"]
[ECO "E16"]
[WhiteElo "2722"]
[BlackElo "2686"]
[Annotator "TA"]
[PlyCount "154"]
[EventDate "2022.07.14"]
[EventType "tourn"]
[EventCountry "SUI"]
[SourceTitle "playchess.com"]
[Source "ChessBase"]
[SourceQuality "1"]
[TimeControl "40/6000+30:20/3000+30:900+30"]

1. d4 Nf6 2. c4 e6 3. g3 Bb4+ 4. Nd2 d5 5. Bg2 O-O 6. Ngf3 b6 7. O-O Bb7 8. Ne5 a5 {[%emt 0:05:31] now supersedes 8...Nbd7. E16: Queen's Indian: 4 g3 Bb7 5 Bg2 Bb4+.} 9. a3 Be7 10. cxd5 {[%emt 0:00:19] [#]} exd5 $146 {[%emt 0:08:24] The position is equal.} ({Predecessor:} 10... Bxd5 11. Qa4 c5 12. dxc5 Qc7 13. e4 Bb7 14. Ndc4 Bxc5 15. Bf4 Nh5 16. Bd2 Nf6 17. Bf4 {½-½ (17) Jones,B (2298)-Markus,R (2289) ICCF email 2017}) 11. Nb1 Nbd7 12. Nc3 Ne4 13. Nxe4 dxe4 14. Qc2 Nxe5 15. dxe5 Qd5 16. Rd1 (16. Qxc7 Bc5 17. e6 Rac8 $17) 16... Qxe5 17. Bf4 Qe6 18. Qxc7 Ba6 19. Qd7 Bxe2 20. Qxe6 fxe6 21. Rd7 Bf6 22. Bxe4 Rad8 (22... Rfd8 {looks sharper.} 23. Rb7 Bxb2 24. Re1 Bd3) 23. Bc6 Bc4 (23... Bxb2 $2 24. Ra2 $18) 24. Rxd8 Rxd8 25. Rc1 Bb3 26. a4 (26. Bc7 $11 Rd2 27. Bxb6) 26... Bd4 (26... Bxb2 27. Rb1 Rd1+ 28. Rxd1 Bxd1 29. Be3 $11) 27. Bb5 h6 28. Be3 (28. Bc4 $11 Bxc4 29. Rxc4) 28... Bxe3 $15 29. fxe3 {[%emt 0:00:02][%mdl 4096] Endgame KRB-KRB} g5 30. Rf1 Kg7 31. h4 Rd5 32. Be8 Rd8 33. Bb5 Rc8 34. hxg5 hxg5 35. Rf2 Rc1+ 36. Rf1 Rc5 37. Be8 Rc8 38. Bb5 Bd5 39. Bd3 Rc5 ({Black should try} 39... Bb7 $17) 40. Kf2 $1 $11 e5 41. e4 Bb3 42. Bb5 Rc2+ 43. Ke3 Rg2 44. Kf3 Rxb2 45. Kg4 Be6+ 46. Kxg5 Rb3 47. Rg1 Re3 48. Bc6 $1 Rf3 49. Be8 Rd3 50. g4 Rd4 51. Re1 Rc4 52. Bb5 Rc2 53. Rg1 Rc3 54. Rb1 Rc8 {[%emt 0:06:22] Against Be8} 55. Be2 Rc6 56. Rb5 Bd7 $1 57. Rxe5 Rg6+ {[%emt 0:00:02][%mdl 64] Discovered Attack} 58. Kf4 {[%emt 0:00:37] aiming for Re7+.} Rf6+ 59. Ke3 Bxa4 60. g5 Rf7 61. Re6 Rb7 ({Don't play} 61... b5 62. Ra6 $14) 62. Bc4 {[%emt 0:01:41] Against Bb3} b5 63. Bd5 Ra7 $2 {[%emt 0:00:02][%mdl 8192] A mistake that costs the game.} (63... Rb8 $1 $11 {and Black stays safe.}) 64. Re8 $1 $18 Kh7 (64... Bd1 $142 65. Rg8+ Kh7 66. g6+ Kh6) 65. Kf4 {[%emt 0:00:00] And now Kf5 would win.} Bd1 $2 (65... b4 66. Rg8 b3) 66. Rb8 $2 (66. Kf5 {g6+ would kill now.} Bh5 67. Rb8) 66... a4 $2 (66... Kg6 $18 67. Rg8+ (67. Rxb5 Bh5 $16) 67... Rg7) 67. Kf5 $1 Bh5 {[%emt 0:00:00] [#]} 68. e5 $1 Rd7 69. Rxb5 Kg7 {[%emt 0:00:29] [#]} 70. Ra5 $1 {[%emt 0:00:00] Threatening mate with e6.} Be8 71. e6 Rc7 72. Ra8 Bb5 73. e7 {[%emt 0:01:01] White mates.} Rxe7 74. Rg8+ Kh7 75. g6+ Kh6 76. Rh8+ Kg7 77. Rh7+ Kf8 {[%emt 0:00:01] Weighted Error Value: White=0.06 (flawless) /Black=0.07 (flawless)} 1-0

[Event "55th Biel Festival GMT Classical 2022"]
[Site "Biel"]
[Date "2022.07.20"]
[Round "5.1"]
[White "Keymer, Vincent"]
[Black "Gukesh D"]
[Result "0-1"]
[ECO "D35"]
[WhiteElo "2686"]
[BlackElo "2684"]
[Annotator "TA"]
[PlyCount "134"]
[EventDate "2022.07.14"]
[EventType "tourn"]
[EventCountry "SUI"]
[SourceTitle "playchess.com"]
[Source "ChessBase"]
[SourceQuality "1"]
[TimeControl "40/6000+30:20/3000+30:900+30"]

1. c4 e6 2. Nc3 d5 3. d4 Nf6 4. cxd5 exd5 5. Bg5 Bb4 6. e3 h6 7. Bf4 {[%emt 0:00:03] D35: Queen's Gambit Declined: Exchange Variation.} Bf5 8. Bd3 Bxd3 9. Qxd3 {[%emt 0:00:04] [#] next Qb5+ is good for White. The position is equal.} O-O $146 ({Predecessor:} 9... Nbd7 10. Nge2 c6 11. O-O O-O 12. a3 Bxc3 13. bxc3 Re8 14. c4 Nb6 15. cxd5 cxd5 {0-1 (58) Villegas,P (2367)-Lauron,W (1888) Europe Echecs INT 2020}) 10. Nge2 c6 {[%emt 0:02:30] Against Qb5} 11. g4 Ne4 12. h4 Nd7 13. a3 Ba5 (13... Bxc3+ $5 14. Nxc3 Nxc3 15. Qxc3 Re8 $11) 14. f3 (14. Kf1 $5 ) 14... Nxc3 15. bxc3 Re8 16. Kf2 Nf8 17. g5 h5 18. Be5 Qd7 19. Ng3 g6 20. c4 b5 21. c5 Bc7 22. f4 a5 23. Rab1 Rad8 24. Qf1 Rb8 25. Qh3 Ne6 26. Rb3 Rb7 27. Kg2 a4 28. Rb2 (28. Rb4 $1 $15) 28... Bxe5 29. fxe5 b4 $1 30. axb4 {[%emt 0:01:59][%mdl 8192] This costs White the game.} (30. Rhb1 $17) 30... Reb8 $19 31. Rhb1 a3 32. Rb3 a2 33. Ra1 Rxb4 34. Rxb4 Rxb4 35. Rxa2 Rxd4 $1 {[%emt 0:00:20] White must now prevent ...Rg4.} 36. Qh1 $2 (36. Ra8+ {is the only way for White.} Kg7 37. Kg1 (37. Nxh5+ $2 gxh5 38. Qf3 Rg4+ 39. Kf1 Qe7 $19)) 36... Rg4 {[%emt 0:03:58] aiming for ...d4.} 37. Ra8+ Kh7 {[%emt 0:00:12] Hoping for ...d4.} 38. Qb1 {[%emt 0:03:37] [#]} Nxg5 $1 39. hxg5 {[%emt 0:04:04] White wants to mate with Qb8.} h4 {[%emt 0:00:10][%mdl 64] Pin} 40. Qf1 Rxg3+ {[%emt 0:04:19][%mdl 4096] Endgame KQR-KQR} 41. Kh2 Qe6 ({Worse is} 41... Rxe3 42. Rf8 f5 43. exf6 $17) 42. Ra7 Rxg5 {[%emt 0:01:28] And now ...Rf5 would win.} 43. Qxf7+ Qxf7 44. Rxf7+ {[%emt 0:00:00] KR-KR} Kh6 45. Rf6 (45. Kh3 $19 Rxe5 46. Kxh4 Re4+ 47. Kh3 Rxe3+ 48. Kh2) 45... Rxe5 {[%emt 0:00:33] Black mates.} 46. Rxc6 Rxe3 47. Rd6 Rd3 48. c6 Rc3 49. Kg2 Kh5 50. Rxd5+ g5 51. Rd6 h3+ 52. Kh2 Kh4 53. Rh6+ Kg4 54. Rd6 Rc2+ 55. Kg1 Kg3 56. Rd3+ {[%emt 0:00:04] [#]} Kh4 $1 57. c7 Rxc7 58. Rd4+ g4 59. Kh2 Rc2+ 60. Kg1 Re2 61. Ra4 Kg3 62. Ra3+ {[%emt 0:00:04] [#]} Kf4 $1 63. Ra4+ Kf3 64. Ra3+ Re3 65. Ra1 g3 66. Rb1 h2+ 67. Kh1 Kg4 {[%emt 0:00:04] Weighted Error Value: White=0.32/Black=0.03 (flawless)} 0-1

[Event "55th Biel Festival GMT Classical 2022"]
[Site "Biel"]
[Date "2022.07.20"]
[Round "5.2"]
[White "Salem, A.R. Saleh"]
[Black "Le, Quang Liem"]
[Result "0-1"]
[ECO "E11"]
[WhiteElo "2684"]
[BlackElo "2722"]
[Annotator "TA"]
[PlyCount "154"]
[EventDate "2022.07.14"]
[EventType "tourn"]
[EventCountry "SUI"]
[SourceTitle "playchess.com"]
[Source "ChessBase"]
[SourceQuality "1"]
[TimeControl "40/6000+30:20/3000+30:900+30"]

1. d4 Nf6 2. c4 e6 3. g3 Bb4+ 4. Bd2 Be7 5. Bg2 d5 6. Nf3 O-O 7. O-O Nbd7 8. Qc2 c6 9. Rd1 a5 {[%emt 0:00:33] E11: Bogo-Indian.} 10. Bf4 a4 11. Nbd2 {[%emt 0:01:50] 11.a3 is setting a new trend.} Nh5 {[%emt 0:00:16] The position is equal.} 12. Be3 Nhf6 13. Bf4 Nh5 14. Be3 Nhf6 15. Bg5 {[%emt 0:08:26] [#]} h6 $146 ({Predecessor:} 15... a3 16. b3 h6 17. Bxf6 Nxf6 18. e4 b6 19. Rac1 Ba6 20. Ne5 Rc8 21. Qb1 Bb7 22. b4 Nd7 23. Nxd7 Qxd7 24. c5 bxc5 25. bxc5 Ba6 {½-½ (43) Stein,R (2344)-Bluebaum,M (2674) Magdeburg 2021}) 16. Bf4 (16. Bxf6 $5 Bxf6 17. e4 $14) 16... Nh5 17. Be3 Nhf6 18. Bf4 Nh5 19. Be5 (19. e3 $142) 19... f6 $11 20. Bf4 g5 21. Be3 Ng7 (21... f5 $5 ) 22. Nf1 Nb6 23. b3 Bd7 24. c5 Nc8 25. Bd2 Be8 26. Ne3 (26. bxa4 b6 $16) 26... Bh5 (26... h5 $11 {deserves consideration.}) 27. bxa4 (27. g4 $5 Bf7 28. bxa4 $16) 27... Qe8 28. Qb3 Ra7 $1 29. Bc3 Bd8 30. Re1 Rf7 31. Nf1 b6 32. e4 Rfb7 33. Qd1 bxc5 (33... Ne7 $142) 34. dxc5 Qf8 (34... dxe4 $1 $11 35. Rxe4 e5) 35. exd5 $16 cxd5 36. Rc1 Ne7 37. Ne3 Nc6 38. Qd2 {[%emt 0:18:14] Inhibits d4.} (38. Nxd5 Rd7 $11) 38... Be8 39. Nd4 Nxd4 40. Bxd4 Bc6 $1 (40... Ba5 $2 41. Bc3 Qxc5 42. Ng4 $18) 41. Rb1 ({White should play} 41. Nc4 $14) 41... Ba5 $11 42. Bc3 Rxb1 43. Rxb1 Qxc5 44. Bxa5 Qxa5 45. Qc2 Be8 46. Ng4 f5 47. Nf6+ Kf7 48. Nxe8 Nxe8 49. Qb2 Nf6 (49... Qxa4 $17 50. Qh8 Qxa2 51. Qh7+ Ng7) 50. Qd4 Rc7 51. Bf1 Qa7 {[%emt 0:00:00] Inhibits Rb8.} 52. Rb6 Nd7 53. a5 Qxa5 (53... Nxb6 $2 54. axb6 Qb7 55. bxc7 $18) 54. Ra6 Qc5 55. Qh8 {[%emt 0:00:16] aiming for Qh7+.} Nf6 {[%emt 0:00:00] Inhibits Qh7+.} 56. Ra8 {[%emt 0:06:33][%cal Of1b5] Prevents Rc8.} Kg6 57. Rf8 (57. Qb8 $1 $15) 57... Rg7 $17 58. Rc8 (58. Rb8 $17 {was worth a try.}) 58... Qd4 (58... Qa5 $19 59. Qd8 Qxd8 60. Rxd8 Ne4) 59. Bb5 f4 {[%emt 0:00:00] White must now prevent ...Rh7.} 60. Be8+ $2 (60. Bf1 $17) 60... Kf5 $1 $19 ({Not} 60... Nxe8 61. Qxe8+ Kf5 62. g4+ Ke5 63. Rc1 $11) 61. Bb5 Rb7 (61... fxg3 62. hxg3 Rh7 63. Qf8 $17) 62. Be2 {[%emt 0:07:59] Against Qd1+} g4 $2 (62... Rb1+ {mates} 63. Kg2 Rb2 64. g4+ Ke5 65. Rc4 dxc4 66. Qa8 c3 67. Qf3 c2 68. Qc6 Qe4+ 69. Bf3 Qxc6 70. Bxc6 c1=Q 71. Bf3 Qe3 72. Be2 Qxe2 73. h3 Qxf2+ 74. Kh1 Qh2#) 63. Rb8 Rc7 64. Rc8 Rh7 65. Qf8 fxg3 $2 {[%emt 0:04:45] Dancing on a razor blade.} (65... Rb7 $19 {( -> ...Rb1+)} 66. Qa3 e5) 66. hxg3 $15 Kg6 {[%emt 0:00:41] Strongly threatening ...Qd2.} (66... h5 $5 67. Qa3 Ne4 68. Rf8+ Kg6 $17) 67. Bb5 (67. Rc6 $11 {keeps the balance.}) 67... Rf7 ({Black should try} 67... Qd1+ $17 68. Kh2 Qd4) 68. Qh8 $1 $11 Qd1+ 69. Kh2 $2 (69. Bf1 $15) 69... Qd2 $1 $19 70. Kg2 Rh7 $2 (70... Ne4 $1 $19 71. Rg8+ Kf5) 71. Qf8 $11 Rf7 $2 $40 {[%emt 0:02:12][%mdl 8320] Black attacks.} (71... Ra7 $11 72. Qc5 Rf7) 72. Qh8 $1 $19 {[%emt 0:00:01] [#]} Qxa2 $2 (72... Ne4 $1 $19 73. Rg8+ Kf5) 73. Bd3+ $11 Kh5 $2 {[%emt 0:04:03] [#]} (73... Kg5 $11 {and Black is okay.}) 74. Rg8 $4 Ne4 {[%emt 0:00:41] Black mates.} 75. Qe5+ Rf5 76. Bxe4 Qxf2+ (76... Rxe5 $2 77. Bg6+ Kg5 78. Bb1+ Kf6 79. Bxa2 $18) 77. Kh1 Qe1+ {[%emt 0:00:31][%mdl 64] Pin.  Weighted Error Value: White=0.24 (precise) /Black=0.09 (flawless)} ({Worse is} 77... Rxe5 78. Bg6+ Kg5 79. Bc2+ Kh5 80. Bg6+ Kg5 81. Bc2+ Kh5 82. Bg6+ $11) 0-1